 Dungeon Crawl Stone Soup version 0.19-a0-1493-gd0fcaa6 (webtiles) character file.

184 epen the Poker (level 5, -9/42 HPs)
             Began as a Merfolk Monk on Sept 9, 2016.
             Splashed by Jessica's acid (10 damage)
             ... on level 3 of the Dungeon.
             The game lasted 00:05:29 (3383 turns).

epen the Poker (Merfolk Monk)                       Turns: 3383, Time: 00:05:29

Health: -9/42      AC:  4    Str: 12    XL:     5   Next: 63%
Magic:  5/5        EV: 18    Int:  9    God:
Gold:   152        SH:  0    Dex: 17    Spells: 0 memorised, 4 levels left

rFire  . . .     SeeInvis .     e - +1 trident (pain)
rCold  . . .     Gourm    .     b - +0 robe
rNeg   . . .     Faith    .     (no shield)
rPois  .         Spirit   .     (no helmet)
rElec  .         Dismiss  .     (no cloak)
rCorr  .         Reflect  .     (no gloves)
MR     .....     Harm     .     (boots currently unavailable)
Stlth  +++.......               i - amulet of inaccuracy (curse)
                                k - -2 ring of slaying (curse)
                                h - +6 ring of protection

@: corroded, very quick
A: change form in water, swift swim, stealthy swim
a: no special abilities


You were on level 3 of the Dungeon.
You were not hungry.

You visited 1 branch of the dungeon, and saw 3 of its levels.

You collected 152 gold pieces.

Inventory:

Hand Weapons
 a - a +1 spear
 e - a +1 trident of pain (weapon)
Armour
 b - a +0 robe (worn)
Jewellery
 d - an uncursed ring of wizardry
 h - a +6 ring of protection (left hand)
 i - a cursed amulet of inaccuracy (around neck)
 k - a cursed -2 ring of slaying (right hand)
Scrolls
 g - a scroll of fog
 l - a scroll of fear
 n - a scroll of enchant weapon
Potions
 f - a potion of might {unknown}
 j - a potion of cancellation {unknown}
 m - a potion of mutation {unknown}
 p - a potion of ambrosia {unknown}
Comestibles
 c - 4 bread rations
 o - 2 meat rations
 q - 3 chunks of flesh


   Skills:
 + Level 4.0 Fighting
 * Level 6.3 Polearms
 * Level 2.1 Armour
 + Level 4.7 Dodging
 - Level 2.1 Stealth


You had 4 spell levels left.
You didn't know any spells.

Dungeon Overview and Level Annotations

Branches:
Dungeon (3/15)

Altars:

Annotations:
D:3 Jessica


Message History

You continue eating. x2
You finish eating.
This raw flesh tastes terrible.
Your legs become a tail as you enter the water.
Jessica shouts!
You hit Jessica but do no damage.
Your tail-slap misses Jessica.
Jessica zaps a wand.
The bolt of acid hits you! The acid corrodes you!
The acid burns!
* * * LOW HITPOINT WARNING * * *
You are too injured to fight recklessly!
You are too injured to fight recklessly!
You hit Jessica but do no damage. Jessica completely misses you.
You hit Jessica but do no damage.
Jessica casts a spell.
Jessica blinks!
You hit Jessica but do no damage.
You tail-slap Jessica, but do no damage.
Jessica zaps a wand.
The bolt of acid hits you!
* * * LOW HITPOINT WARNING * * *
The acid burns!
You die...

##≈..........≈# #.
#≈≈.......♣..≈# .####.
#≈.....♣.....≈# ......
#≈..♣.......≈≈# #.
#≈..(.......≈#########.
#)..)......≈≈#......##.
#≈≈.......≈≈## ##...#.
##≈≈.@))≈)≈######......
##≈≈.@≈≈###.o.........
###§####...####.....#
#..o..o### ##...#.
######## ##.... ####. #


You could see Jessica.

Vanquished Creatures
  A howler monkey (D:2)
  An orc wizard (D:3)
  7 adders
  A worm (D:2)
  A dart slug (D:2)
  A giant gecko (D:2)
  3 orcs (D:3)
  3 giant cockroaches (D:1)
  7 goblins
  6 hobgoblins
  7 jackals
  6 bats
  3 giant newts
  13 kobolds
  7 rats
67 creatures vanquished.

Notes
Turn   | Place    | Note
-------+----------+-------------------------------------------
     0 | D:1      | epen the Merfolk Monk began the quest for the Orb.
     0 | D:1      | Reached XP level 1. HP: 18/18 MP: 1/1
   138 | D:1      | Reached XP level 2. HP: 21/24 MP: 2/2
   573 | D:1      | Reached skill level 1 in Armour
   573 | D:1      | Reached XP level 3. HP: 29/29 MP: 3/3
   630 | D:1      | Reached skill level 5 in Polearms
  1430 | D:2      | Reached XP level 4. HP: 31/36 MP: 4/4
  2062 | D:2      | Reached XP level 5. HP: 20/42 MP: 5/5
  2181 | D:3      | Noticed Jessica
  3158 | D:3      | Reached skill level 6 in Polearms
  3383 | D:3      | HP: 1/42 [Jessica/wand of acid (10)]
  3383 | D:3      | Splashed by Jessica's acid

Vault maps used:
D:1:      minmay_arrival_nine_rooms, fountainhead
D:2:      first_bread, grunt_ministairs_4, minivault_27
D:3:      amethyst_overflow_temple_binary, kennysheep_potato, uniq_jessica

Skill      XL: |  1  2  3  4  5 |
---------------+----------------+-----
Armour         | 1 2 |  2.1
Polearms       | 5 6 |  6.3
Fighting       | 4 |  4.0
Dodging        | |  4.7
Stealth        | |  2.1

Action                   |  1- 3 |  4- 6 || total
-------------------------+-------+-------++-------
Melee: Spear             |   205 |   239 ||   444
       Trident           |       |    32 ||    32
       Tailslap          |       |     8 ||     8
  Use: Scroll            |     6 |     1 ||     7
       Potion            |     1 |     2 ||     3
 Stab: Sleeping          |     6 |     7 ||    13
       Distracted        |       |     1 ||     1
  Eat: Chunk             |     2 |     4 ||     6
       Royal jelly       |       |     1 ||     1
Armor: Robe              |    28 |    64 ||    92
       Skin              |     6 |       ||     6
Dodge: Dodged            |   131 |   155 ||   286
